AoeStats
← 嘴角一颗芝麻

Arabia

510131565Analyzed
1v1 RM · 3d ago on Sep 29, 2026· 62m 3s· 2 players
Game mode
Random Map
Map size
Tiny (2 player)
Population
200
Speed
Normal
Resources
Standard
Victory
Conquest
Starting age
Dark Age
Ending age
Imperial Age
RankedLock teamsTeams togetherTeam positionsShared explorationLock speedFull tech treeHidden civsTurbo modeCheats
Victory
Defeat
🇪🇸 Khmer · Spain
1424
+17
🇨🇳 Persians · China
1447
-17
Aspirante
6:39 Loom
8:58 Feudal Age
9:47 Horse Collar
15:32 Forging
20:27 Castle Age
19:04 Bloodlines
18:51 Double-Bit Axe
19:59 Scale Barding Armor
19:47 Gold Mining
21:28 Chain Barding Armor
21:18 Husbandry
29:27 Iron Casting
36:38 Wheelbarrow
37:35 Light Cavalry
48:41 Imperial Age
47:12 Gold Shaft Mining
49:19 Cavalier
49:21 Hussar
50:45 Plate Barding Armor
51:11 Blast Furnace
57:30 Heavy Plow
嘴角一颗芝麻
5:38 Loom
8:36 Feudal Age
9:36 Double-Bit Axe
10:45 Town Watch
20:19 Castle Age
18:13 Fletching
19:06 Padded Archer Armor
19:17 Bloodlines
20:49 Bodkin Arrow
21:17 Bow Saw
22:33 Wheelbarrow
27:52 Hand Cart
29:25 Husbandry
31:54 Horse Collar
37:20 Leather Archer Armor
37:53 Ballistics
38:45 Thumb Ring
47:56 Imperial Age
46:20 Scale Mail Armor
46:30 Forging
45:57 Pikeman
46:37 Squires
50:56 Two-Man Saw
49:56 Heavy Plow
49:49 Gold Mining
49:24 Halberdier
50:20 Chain Mail Armor
51:29 Iron Casting
58:59 Plate Mail Armor
Connection lost

Rejoining the realm…

Still unreachable

The connection could not be restored.

Session expired

The server has moved on; the page needs a fresh start.